 Dungeon Crawl Stone Soup version 0.16.2-14-g7133f4a77c (webtiles) character file.

1871 faibistes the Thaumaturge (level 8, -7/41 HPs)
             Began as a Deep Elf Wizard on Aug 19, 2022.
             Mangled by ouz's ghost (21 damage)
             ... on level 6 of the Dungeon.
             The game lasted 00:22:09 (9079 turns).

faibistes the Thaumaturge (Deep Elf Wizard)         Turns: 9079, Time: 00:22:09

Health: -7/41      AC:  3    Str:  4    XL:     8   Next: 90%
Magic:  20/30      EV: 16    Int: 26    God:
Gold:   372        SH:  0    Dex: 13    Spells: 6 memorised, 17 levels left

rFire  . . .     SeeInvis .     w - +2 dagger (venom)
rCold  . . .     Clarity  .     a - +0 robe
rNeg   . . .     SustAb   .     (no shield)
rPois  +         Gourm    .     b - +0 hat
rElec  .         Spirit   .     (no cloak)
rCorr  .         Warding  .     x - +0 pair of gloves
rMut   .         Stasis   .     (no boots)
MR     .....                    (no amulet)
Stlth  ++........               (no ring)
                                D - ring of poison resistance

@: repel missiles, not resistant to hostile enchantments, unstealthy
A: no striking features
a: no special abilities


You were on level 6 of the Dungeon.
You were not hungry.

You visited 1 branch of the dungeon, and saw 6 of its levels.

You collected 372 gold pieces.

Inventory:

Hand weapons
 w - a +2 dagger of venom (weapon)
Armour
 a - a +0 robe (worn)
 b - a +0 hat (worn)
 x - a +0 pair of gloves (worn)
Jewellery
 y - an uncursed amulet of resist mutation
 D - a ring of poison resistance (left hand)
Scrolls
 e - 3 scrolls of remove curse
 h - a scroll of random uselessness {unknown}
 j - a scroll of amnesia {unknown}
 k - a scroll of magic mapping
 p - 3 scrolls of teleportation
 s - a scroll of blinking {unknown}
 A - a scroll of fear {unknown}
 B - a scroll of enchant weapon
 G - a scroll of immolation {unknown}
Potions
 i - 2 potions of beneficial mutation {unknown}
 l - 2 potions of curing
 m - a potion of magic {unknown}
 o - a potion of ambrosia {unknown}
 q - 2 potions of might
 r - 2 potions of haste
 t - a potion of poison {unknown}
 v - 2 potions of degeneration {unknown}
 z - a potion of brilliance {unknown}
 C - a potion of restore abilities {unknown}
Books
 c - a book of Minor Magic

   Spells                             Type                      Level
   a - Magic Dart                     Conjuration                  1
   b - Blink                          Translocation                2
   c - Call Imp                       Summoning                    2
   d - Repel Missiles                 Charms/Air                   2
   e - Slow                           Hexes                        2
   f - Conjure Flame                  Conjuration/Fire             3
   g - Mephitic Cloud                 Conjuration/Poison/Air       3
 u - a book of Battle

   Spells                             Type                      Level
   a - Infusion                       Charms                       1
   b - Shroud of Golubria             Charms/Translocation         2
   c - Song of Slaying                Charms                       2
   d - Spectral Weapon                Hexes/Charms                 3
   e - Regeneration                   Charms/Necromancy            3
 E - a book of Enchantments

   Spells                             Type                      Level
   a - Tukima's Dance                 Hexes                        3
   b - Cause Fear                     Hexes                        4
   c - Silence                        Hexes/Air                    5
   d - Deflect Missiles               Charms/Air                   6
   e - Haste                          Charms                       6
   f - Discord                        Hexes                        8
Comestibles
 d - 5 bread rations
 f - 4 beef jerkies
 g - a meat ration
 n - 2 slices of pizza
 F - 6 chunks of flesh


   Skills:
 + Level 7.9 Dodging
 - Level 2.4 Stealth
 * Level 11.8 Spellcasting
 - Level 3.7 Conjurations
 - Level 1.1 Summonings
 - Level 3.0 Translocations


You had 17 spell levels left.
You knew the following spells:

 Your Spells              Type           Power        Failure   Level  Hunger
a - Magic Dart            Conj           ####         1%          1    None
b - Conjure Flame         Conj/Fire      ####....     8%          3    None
c - Call Imp              Summ           ###.....     3%          2    None
d - Blink                 Tloc           N/A          1%          2    None
e - Mephitic Cloud        Conj/Pois/Air  ###.....     10%         3    None
f - Repel Missiles        Chrm/Air       ###...       10%         2    None


Dungeon Overview and Level Annotations

Branches:
Dungeon (6/15)
 Temple: D:4-7

Altars:
Nemelex Xobeh
Vehumet

Annotations:
D:6 ouz's ghost, experienced DDFi


Message History

Aim: ouz's ghost (flame, moderately damaged)
The magic dart hits ouz's ghost.
Ouz's ghost is heavily damaged.
Ouz's ghost hits you!
Casting: Magic Dart
Confirm with . or Enter, or press ? or * to list all spells.
Aiming: Magic Dart
Press: ? - help, Shift-Dir - straight line, f/p - ouz's ghost
Aim: ouz's ghost (flame, heavily damaged)
The magic dart hits ouz's ghost.
Ouz's ghost is heavily damaged.
Ouz's ghost is engulfed in roaring flames.
Ouz's ghost hits you!
* * * LOW HITPOINT WARNING * * *
Drink which item? (? for menu, Esc to quit)
You feel better.
Ouz's ghost is engulfed in roaring flames.
Ouz's ghost hits you!!
Ouch! That really hurt!
You die...

#...##### # ..
#[..# #
#..#########.##
# ..........#
#.# #
.........# #.#
# #.......# #.#
# ###....†..# .
#
#.........###.#
#@......#
#W5..###.#
#§.### ...#
...# .#### . #.


You could see ouz's ghost and a crimson imp.

Vanquished Creatures
  Pikel (D:6)
  Grinder (D:6)
  Edmund (D:6)
  An ice beast (D:5)
  A centaur (D:5)
  3 ogres
  A gnoll sergeant (D:6)
  A scorpion (D:5)
  5 orc priests
  A giant frog skeleton (D:5)
  3 orc wizards
  Robin (D:2)
  10 adders
  8 gnolls
  A worm (D:2)
  An adder zombie (D:5)
  3 oozes
  30 orcs
  7 ball pythons
  28 goblins
  16 hobgoblins
  6 jackals
  16 kobolds
  3 quokkas
  17 bats
  2 giant cockroaches (D:3)
  2 giant geckos
  7 giant newts
  20 rats
197 creatures vanquished.

Vanquished Creatures (collateral kills)
  3 orcs
  2 jackals (D:1)
5 creatures vanquished.

Vanquished Creatures (others)
  3 slaves (D:6)
  A shadow imp (D:6)
  A kobold (D:6)
5 creatures vanquished.

Grand Total: 207 creatures vanquished

Notes
Turn   | Place    | Note
--------------------------------------------------------------
     0 | D:1      | faibistes, the Deep Elf Wizard, began the quest for the Orb.
     0 | D:1      | Reached XP level 1. HP: 10/10 MP: 6/6
   253 | D:1      | Reached XP level 2. HP: 15/15 MP: 2/10
   369 | D:1      | Learned a level 2 spell: Blink
   372 | D:1      | Learned a level 2 spell: Call Imp
   747 | D:1      | Reached skill level 5 in Spellcasting
  1168 | D:1      | Reached XP level 3. HP: 19/19 MP: 8/14
  1173 | D:1      | Learned a level 3 spell: Conjure Flame
  1177 | D:1      | Learned a level 3 spell: Mephitic Cloud
  2051 | D:3      | Reached XP level 4. HP: 24/24 MP: 3/17
  2536 | D:3      | Reached skill level 6 in Spellcasting
  2544 | D:3      | Learned a level 2 spell: Repel Missiles
  2653 | D:3      | Reached XP level 5. HP: 16/28 MP: 7/20
  3980 | D:2      | Found a radiant altar of Vehumet.
  4223 | D:2      | Noticed Robin
  4446 | D:2      | Killed Robin
  4943 | D:4      | Noticed an ogre
  4949 | D:3      | Reached XP level 6. HP: 24/32 MP: 9/22
  5518 | D:3      | Killed an ogre
  5518 | D:3      | Reached skill level 7 in Spellcasting
  6108 | D:5      | Entered Level 5 of the Dungeon
  6379 | D:4      | Found a sparkling altar of Nemelex Xobeh.
  6918 | D:4      | Reached XP level 7. HP: 30/36 MP: 19/25
  7187 | D:5      | Reached skill level 5 in Dodging
  7459 | D:5      | Reached skill level 8 in Spellcasting
  7829 | D:6      | Noticed Edmund
  7852 | D:5      | Reached skill level 9 in Spellcasting
  8120 | D:6      | Noticed Pikel
  8130 | D:6      | Killed Pikel
  8130 | D:6      | Reached skill level 10 in Spellcasting
  8130 | D:6      | Reached XP level 8. HP: 41/41 MP: 20/29
  8147 | D:6      | Noticed Grinder
  8158 | D:6      | Paralysed by Grinder for 6 turns
  8354 | D:6      | Killed Grinder
  8423 | D:6      | Killed Edmund
  8423 | D:6      | Reached skill level 11 in Spellcasting
  9070 | D:6      | Noticed ouz's ghost (experienced DDFi)
  9079 | D:6      | Mangled by ouz's ghost

Action                   |  1- 3 |  4- 6 |  7- 9 || total
-------------------------+-------+-------+-------++-------
Melee: Unarmed           |       |     5 |       ||     5
       Dagger            |       |    14 |    27 ||    41
 Cast: Magic Dart        |   106 |   240 |   123 ||   469
       Call Imp          |     3 |     3 |       ||     6
       Mephitic Cloud    |     4 |    23 |    18 ||    45
       Blink             |     2 |     7 |     4 ||    13
       Conjure Flame     |       |     4 |    17 ||    21
       Repel Missiles    |       |     2 |     2 ||     4
  Use: Scroll            |       |     7 |     1 ||     8
       Potion            |       |       |     1 ||     1
 Stab: Confused          |       |       |     1 ||     1
       Sleeping          |       |       |     1 ||     1
  Eat: Chunk             |     3 |    15 |     7 ||    25
